 Dungeon Crawl Stone Soup version 0.31.0-12-g77e489cdc1 (webtiles) character file.

Game seed: 10923871872880389600

33 DildoBatman the Conjurer (level 3, 0/25 HPs)
             Began as a Formicid Conjurer on Mar 2, 2024.
             Succumbed to an adder's poison
             ... on level 2 of the Dungeon.
             The game lasted 00:02:39 (1218 turns).

DildoBatman the Conjurer (Formicid Conjurer)        Turns: 1218, Time: 00:02:40

Health: 0/25       AC:  2    Str: 11    XL:     3   Next: 47%
Magic:  0/6        EV: 12    Int: 19    God:
Gold:   80         SH:  0    Dex: 12    Spells: 4/7 levels left

rFire   . . .        e - +0 dagger
rCold   . . .        (no shield)
rNeg    . . .        a - +0 robe
rPois   .            (helmet unavailable)
rElec   .            (no cloak)
rCorr   .            (no gloves)
SInv    +            (no boots)
Will    .....        f - amulet of the acrobat
Stlth   ++           (no ring)
HPRegen 0.24/turn    (no ring)
MPRegen 0.10/turn

%: acrobat
@: lethally poisoned (0 -> -6)
A: permanent stasis, dig shafts and tunnels, antennae 3, four strong arms
a: Dig, Shaft Self


You were on level 2 of the Dungeon.
You visited 1 branch of the dungeon, and saw 2 of its levels.

You collected 80 gold pieces.

Inventory:

Hand Weapons
 e - a +0 dagger (weapon)
 j - a +0 spear
Missiles
 d - 20 stones
 m - 2 boomerangs
Armour
 a - a +0 robe (worn)
Jewellery
 f - an amulet of the acrobat (around neck)
Scrolls
 h - a scroll of identify {unknown}
 k - a scroll of summoning {unknown}
 l - 2 scrolls of revelation {unknown}
 n - a scroll of immolation {unknown}
 o - a scroll of enchant armour {unknown}
 p - 3 scrolls of acquirement {unknown}
Potions
 b - a potion of magic
 c - a potion of invisibility {unknown}
 g - 3 potions of might {unknown}
 i - 2 potions of mutation {unknown}


   Skills:
 + Level 0.8 Fighting
 + Level 1.0 Armour
 + Level 2.0 Dodging
 + Level 2.8 Stealth
 + Level 2.6 Spellcasting
 + Level 3.8 Conjurations


You had 4 spell levels left.
You knew the following spells:

 Your Spells              Type           Power      Damage    Failure   Level
a - Searing Ray           Conj           34%        2d5       4%          2
c - Magic Dart            Conj           68%        1d6       3%          1

Your spell library contained the following spells:

 Spells                   Type           Power      Damage    Failure   Level
 Fulminant Prism          Conj/Alch      4%         3d5       58%         4
 Iskenderun's Mystic Bla  Conj/Tloc      9%         2d4       58%         4


Dungeon Overview and Level Annotations

Branches:
Dungeon (2/15)

Altars:

Shops:
D:1 :


Innate Abilities, Weirdness & Mutations

You cannot be hasted, slowed, berserked, paralysed or teleported.
You can dig through walls and to a lower floor.
You have a pair of large antennae on your head. (SInv)
Your four strong arms can wield two-handed weapons with a shield.


Message History

You barely miss the adder.
The adder is heavily wounded.
The adder closely misses you.
Casting: Magic Dart (safe; 3% risk of failure)
Confirm with . or Enter, or press ? or * to list all spells.
Aiming: Magic Dart (safe; 3% risk of failure)
Press: ? - help, Shift-Dir - straight line, f/p - adder
Aim: an adder (heavily wounded, 100% to hit)
The magic dart hits the adder.
The adder is severely wounded.
The adder bites you.
You closely miss the adder.
The adder is severely wounded.
The adder barely misses you. The adder misses you.
You hit the adder.
The adder is almost dead.
The adder completely misses you.
e - a +0 dagger (weapon)
The adder bites you.
You are poisoned.
The adder poisons you!
You closely miss the adder.
The adder is almost dead.
You feel sick. The adder bites you.
You closely miss the adder.
The adder is almost dead.
You feel sick. The adder bites you.
You are lethally poisoned!
The adder poisons you! The adder bites you.
You closely miss the adder.
The adder is almost dead.
You feel sick. The adder closely misses you.
You hit the adder.
The adder is almost dead.
You die...

##################
........#........# #
........#...####.# .#
..).....#...# #.# ..#
........#...# #.#..#
........#...# #@...#
........#...#...S#.##
.....[......#.#......
........#...#
#......#
........#####
#......# #..######
##.....# ##..#
#.###.# ##... ..# .#
#...


You could see an adder.

Vanquished Creatures
  A dart slug (D:1)
  2 ribbon worms (D:2)
  2 ball pythons (D:1)
  3 endoplasms (D:1)
  4 goblins
  3 kobolds (D:1)
  3 quokkas (D:1)
  2 bats (D:1)
  2 frilled lizards (D:1)
  2 rats
24 creatures vanquished.

Notes
Turn   | Place    | Note
-------+----------+-------------------------------------------
     0 | D:1      | DildoBatman the Formicid Conjurer began the quest for the
                  | Orb.
     0 | D:1      | Reached XP level 1. HP: 13/13 MP: 3/3
    82 | D:1      | Found Wuoneih's Book Shoppe.
   212 | D:1      | Reached XP level 2. HP: 14/20 MP: 1/5
   215 | D:1      | Learned a level 2 spell: Searing Ray
   644 | D:1      | Reached XP level 3. HP: 25/25 MP: 6/6
  1133 | D:2      | Reached skill level 1 in Armour
  1217 | D:2      | HP: 1/25 [poisoned by an adder]
  1218 | D:2      | Succumbed to an adder's poison

Illustrated notes

Levels and vault maps discovered:
D:1:      psy_arrival_radial02, layout_basic, serial_shops,
          nicolae_book_shop_shelving
D:2:      layout_basic

Skill      XL: |  1  2  3 |
---------------+----------+-----
Dodging        | 2 |  2.0
Armour         | 1 |  1.0
Fighting       | |  0.8
Stealth        | |  2.8
Spellcasting   | |  2.6
Conjurations   | |  3.8

Action                     || total
---------------------------++-------
  Melee: Dagger            ||    23
         Spear             ||    12
   Cast: Magic Dart        ||    38
         Searing Ray       ||     2
   Stab: Sleeping          ||     1
 Armour: Robe              ||    22
  Dodge: Dodged            ||    24
